 Dungeon Crawl Stone Soup version 0.31-a0-986-g5e6e4ef867 (webtiles) character file.

Game seed: 16569498001644486094

43 greenreed the Ruffian (level 3, -3/37 HPs)
             Began as an Ogre Shapeshifter on Nov 9, 2023.
             Killed from afar by Robin (5 damage)
             ... with a puff of flame
             ... on level 2 of the Dungeon.
             The game lasted 00:01:36 (700 turns).

greenreed the Ruffian (Ogre Shapeshifter)            Turns: 700, Time: 00:01:37

Health: -3/37      AC:  3    Str: 20    XL:     3   Next: 58%
Magic:  3/3        EV:  9    Int: 11    God:
Gold:   47         SH:  0    Dex:  8    Spells: 2/2 levels left

rFire   . .          .
                       - Unarmed
rCold   . . .        (no shield)
rNeg    . . .        a - +0 animal skin
rPois   .            (helmet currently unavailable)
rElec   .            (cloak currently unavailable)
rCorr   .            (gloves unavailable)
SInv    +            (boots unavailable)
Will    .....        (no amulet)
Stlth   +            f - ring of see invisible
HPRegen 0.26/turn    (no ring)
MPRegen 0.08/turn

%: no passive effects
@: beast-form
A: beast (slay +1), large, unfitting armour, tough skin 1
a: Begin Untransformation


You were on level 2 of the Dungeon.
You were a hulking beast.
You visited 1 branch of the dungeon, and saw 2 of its levels.

You collected 83 gold pieces.
You spent 36 gold pieces at shops.

Inventory:

Armour
 a - a +0 animal skin (worn)
 i - a +0 cloak of poison resistance
Jewellery
 f - a ring of see invisible (left hand)
 h - a +5 ring of evasion
Talismans
 c - a beast talisman
 d - a flux talisman
Scrolls
 e - a scroll of identify {unknown}
 g - a scroll of fear {unknown}
 j - a scroll of revelation {unknown}
 k - a scroll of teleportation
Potions
 b - 3 potions of lignification


   Skills:
 * Level 3.0 Fighting
 + Level 2.0 Dodging
 * Level 3.2 Unarmed Combat
 + Level 3.2 Shapeshifting


You had 2 spell levels left.
You didn't know any spells.
Your spell library was empty.

Dungeon Overview and Level Annotations

Branches:
Dungeon (2/15)

Altars:

Shops:
D:2 *

Annotations:
D:2 Robin


Innate Abilities, Weirdness & Mutations

You are a hulking beast.
Your limbs bulge with bestial killing power. (Slay +1)
You are too large for most types of armour.
You have tough skin. (AC +1)


Message History

The goblin hits you with a +0 club.
Robin flexes a bicep menacingly.
You hit the goblin.
You kill the goblin!
The goblin hits you with a +0 dagger.
You hit the goblin.
You kill the goblin!
Robin throws the goblin at you!
You hit the hobgoblin.
The hobgoblin is severely wounded.
The goblin hits you with a +0 club. The hobgoblin hits you.
You hit the goblin.
You kill the goblin!
A goblin comes into view. It is wielding a +0 dagger.
The hobgoblin hits you.
Your Fighting skill increases to level 3!
You hit the hobgoblin.
You kill the hobgoblin!
You hit Robin.
Robin is lightly wounded.
Robin roars a battlecry!
The goblin goes into a battle-frenzy!
You hear a shout!
You hit Robin but do no damage.
Robin is lightly wounded.
A goblin comes into view. It is wielding a +0 club.
Robin zaps a wand.
The puff of flame hits you!
* * * LOW HITPOINT WARNING * * *
You hit Robin.
Robin is moderately wounded.
Robin zaps a wand.
The puff of flame hits you.
* * * LOW HITPOINT WARNING * * *
Robin throws the goblin at you!
* * * LOW HITPOINT WARNING * * *
Items here: )) ††.
The goblin closely misses you.
Robin says, "Duck!"
Robin zaps a wand.
The puff of flame hits you.
You die...
Robin lets out a smug laugh.

######(## ##.#
#..# ##.## #..#
########.##
#........#
##........#
#...hg....#
#####.###)##.##
......###)##.#
#g....#g#..###
#.........#
#g...#....###
#..###..####
..gg# ..# #...
....


You could see Robin and a goblin (strong).

Vanquished Creatures
  A dart slug (D:2)
  A ball python (D:1)
  11 goblins
  4 hobgoblins
  6 jackals (D:1)
  A kobold (D:1)
  2 quokkas (D:1)
  2 bats
  2 frilled lizards (D:1)
  4 rats (D:1)
34 creatures vanquished.

Notes
Turn   | Place    | Note
-------+----------+-------------------------------------------
     0 | D:1      | greenreed the Ogre Shapeshifter began the quest for the
                  | Orb.
     0 | D:1      | Reached XP level 1. HP: 19/19 MP: 1/1
    25 | D:1      | Found a faded altar of an unknown god.
    46 | D:1      | Reached XP level 2. HP: 27/28 MP: 2/2
   421 | D:1      | Reached XP level 3. HP: 32/36 MP: 3/3
   614 | D:2      | Found Bauthub's General Store.
   636 | D:2      | Bought a scroll of teleportation for 36 gold pieces
   685 | D:2      | Noticed Robin
   700 | D:2      | Killed from afar by Robin

Illustrated notes

Levels and vault maps discovered:
D:1:      nzn_arrival_water_spiral, layout_rooms,
          hellmonk_ecumenical_altar_pennies_from_heaven
D:2:      layout_rooms, serial_shops, shop, kennysheep_generic_room_7,
          uniq_robin

Skill      XL: |  1  2  3 |
---------------+----------+-----
Fighting       | 2 3 |  3.0
Unarmed Combat | 3 |  3.2
Dodging        | 2 |  2.0
Shapeshifting  | |  3.2

Action                     || total
---------------------------++-------
  Melee: Unarmed           ||   106
         Punch             ||     2
 Armour: Animal skin       ||    74
  Dodge: Dodged            ||    43

Table legend: (Time is in decaauts)
 A = Elapsed time spent in this place.
 B = Non-inter-level travel time spent in this place.
 C = Inter-level travel time spent in this place.
 D = Time resting spent in this place.
 E = Time spent auto-exploring this place.
 F = Levels seen in this place.
 G = Mean time per level.
                   A        B        C        D        E       F      G
               +--------+--------+--------+--------+--------+-----+--------+
         Total |    693 |    691 |      2 |      0 |    525 |   2 |  346.5 |
       Dungeon |    693 |    691 |      2 |      0 |    525 |   2 |  346.5 |
               +--------+--------+--------+--------+--------+-----+--------+

Top non-repeatable levels by time:
     D:1: 609 daAuts
     D:2: 84 daAuts
